 Dungeon Crawl Stone Soup version 0.30.0-3-ga4e48a9924 (webtiles) character file.

Game seed: 18223174546339272163

205 browni3141 the Shooter (level 6, 0/48 HPs)
             Began as a Meteoran Hexslinger on May 8, 2023.
             Was an Initiate of Okawaru.
             Slain by a black bear (2 damage)
             ... on level 5 of the Dungeon.
             The game lasted 00:09:28 (1594 turns).

browni3141 the Shooter (Meteoran Hexslinger)        Turns: 1594, Time: 00:09:28

Health: 0/48       AC:  7    Str: 12    XL:     6   Next: 31%
Magic:  5/10       EV: 11    Int: 14    God:    Okawaru [......]
Gold:   211        SH:  0    Dex: 17    Spells: 5/9 levels left

rFire   . . .        a - +1 sling
rCold   . . .        (no shield)
rNeg    . . .        j - +1 ring mail {Will+}
rPois   .            (no helmet)
rElec   .            (no cloak)
rCorr   .            q - +0 pair of gloves
SInv    .            (no boots)
Will    +....        (no amulet)
Stlth   +            H - ring of wizardry
HPRegen 0.28/turn    (no ring)
MPRegen 0.12/turn

%: wizardry (x1)
@: very slightly contaminated, glowing
A: sense surroundings 1, otherworldly, glowing, explore regen
a: Renounce Religion


You were on level 5 of the Dungeon.
You worshipped Okawaru.
Okawaru was noncommittal.
You visited 2 branches of the dungeon, and saw 6 of its levels.

You collected 211 gold pieces.

Inventory:

Hand Weapons
 a - a +1 sling (weapon)
Armour
 c - a +0 robe
 f - a +0 tower shield
 j - a +1 ring mail of willpower (worn)
 q - a +0 pair of gloves (worn)
Jewellery
 g - a ring of positive energy
 n - an amulet of faith
 H - a ring of wizardry (left hand)
Wands
 e - a wand of charming (14)
Scrolls
 b - 3 scrolls of poison
 h - a scroll of immolation
 m - a scroll of noise
 o - a scroll of acquirement
 u - a scroll of enchant armour {unknown}
 F - 2 scrolls of fog
 G - a scroll of teleportation {unknown}
Potions
 d - a potion of heal wounds {unknown}
 i - a potion of ambrosia
 k - a potion of mutation {unknown}
 p - a potion of attraction {unknown}
 s - a potion of magic {unknown}
 t - a potion of resistance {unknown}
 v - a potion of degeneration {unknown}
 I - a potion of lignification {unknown}
 J - a potion of berserk rage {unknown}
 K - a potion of might {unknown}


   Skills:
 - Level 2.0 Fighting
 * Level 4.6 Ranged Weapons
 * Level 2.6 Armour
 - Level 2.4 Dodging
 * Level 2.2 Spellcasting
 - Level 4.0 Hexes
 + Level 0.7 Fire Magic
 * Level 0.8 Invocations
 * Level 1.0 Evocations


You had 5 spell levels left.
You knew the following spells:

 Your Spells              Type           Power      Damage    Failure   Level
i - Inner Flame           Hex/Fire       8%         N/A       22%         3
S - Slow                  Hex            48%        N/A       4%          1

Your spell library contained the following spells:

 Spells                   Type           Power      Damage    Failure   Level
 Portal Projectile        Hex/Tloc       14%        N/A       26%         3
 Cause Fear               Hex            6%         N/A       36%         4


Dungeon Overview and Level Annotations

Branches:
Dungeon (5/15) Zot: 1363   Temple (1/1) D:4 Zot: 574

Altars:
Ashenzari
Dithmenos
Elyvilon
Fedhas
Gozag
Hepliaklqana
Kikubaaqudgha
Makhleb
Okawaru
Qazlal
Ru
Sif Muna
Trog
Uskayaw
Vehumet
Yredelemnul
Zin
The Shining One

Shops:
D:1 =

Annotations:
Temple 2 transporters


Innate Abilities, Weirdness & Mutations

You passively map a small area around you.
You are easily found by Zot.
You glow in the dark.
You regain HP and MP as you explore.


Message History

The adder poisons you!
The howler monkey hoots and howls with incredible vigour!
You shoot a sling bullet. The sling bullet hits the adder.
You kill the adder!
Okawaru accepts your kill.
You feel very sick. The howler monkey closely misses you.
Training target 4.0 for Hexes reached!
Your Hexes skill increases to level 4!
You shoot a sling bullet.
The sling bullet closely misses the howler monkey.
You feel sick. The howler monkey hits you.
* * * LOW HITPOINT WARNING * * *
The howler monkey hoots and howls with incredible vigour!
Casting: Slow (safe; 4% risk of failure)
Confirm with . or Enter, or press ? or * to list all spells.
Aiming: Slow (safe; 4% risk of failure)
Press: ? - help, Shift-Dir - straight line, f/p - howler monkey
Aim: a howler monkey (catching its breath, chance to affect: 54%)
The howler monkey seems to slow down.
You feel sick. The howler monkey barely misses you.
You shoot a sling bullet.
The sling bullet barely misses the howler monkey.
You feel sick. The howler monkey barely misses you.
You feel sick.
You feel sick.
Casting: Slow (safe; 4% risk of failure)
Confirm with . or Enter, or press ? or * to list all spells.
Aiming: Inner Flame (dangerous; 24% risk of failure)
Press: ? - help, Dir - move target, f/p - howler monkey
Aim: a howler monkey (slow, chance to affect: 62%)
The howler monkey is filled with an inner flame.
You feel sick.
You are no longer poisoned.
The howler monkey hoots and howls with incredible vigour!
Fire: a) +1 sling
Press: ? - help, Q - select action, (/) - cycle Shift-Dir - straight line, f/p - howler monkey
Aim: a howler monkey (inner flame, slow, catching its breath, 58% to hit)
You shoot a sling bullet.
The sling bullet closely misses the howler monkey.
Fire: a) +1 sling
Press: ? - help, Q - select action, (/) - cycle Shift-Dir - straight line, f/p - howler monkey
Aim: a howler monkey (inner flame, slow, catching its breath, 58% to hit)
You shoot a sling bullet.
The sling bullet hits the howler monkey!
Flame seeps out of the howler monkey.
The howler monkey is heavily wounded.
The howler monkey is engulfed in blazing flames.
Okawaru accepts your kill.
The howler monkey explodes!
Your Evocations skill increases to level 1!
Unknown command.
There is a stone staircase leading down, spattered with blood here.
You climb downwards.
You hear the hiss of flowing sand.
There is an entrance to an ossuary on this level.
Hurry and find it before the portal is buried!
You hear the slow hiss of a very distant avalanche of sand.
The black bear growls angrily.
There is a stone staircase leading up, spattered with blood here.
Unknown command.
Casting: Inner Flame (dangerous; 22% risk of failure)
Confirm with . or Enter, or press ? or * to list all spells.
Aiming: Slow (safe; 4% risk of failure)
Press: ? - help, Shift-Dir - straight line, f - black bear
Aim: a black bear (chance to affect: 46%)
You miscast Slow.
You are very lightly contaminated with residual magic.
Nothing appears to happen.
The black bear bites you.
* * * LOW HITPOINT WARNING * * *
The black bear claws you but does no damage. x2
Unknown command.
Casting: Slow (safe; 4% risk of failure)
Confirm with . or Enter, or press ? or * to list all spells.
Aiming: Slow (safe; 4% risk of failure)
Press: ? - help, Shift-Dir - straight line, f/p - black bear
Aim: a black bear (chance to affect: 46%)
The black bear resists with some effort.
The black bear closely misses you.
The black bear claws you but does no damage.
The black bear barely misses you.
Casting: Slow (safe; 4% risk of failure)
Confirm with . or Enter, or press ? or * to list all spells.
Aiming: Slow (safe; 4% risk of failure)
Press: ? - help, Shift-Dir - straight line, f/p - black bear
Aim: a black bear (chance to affect: 46%)
The black bear resists with some effort.
The black bear bites you but does no damage.
The black bear barely misses you.
The black bear claws you but does no damage.
Casting: Slow (safe; 4% risk of failure)
Confirm with . or Enter, or press ? or * to list all spells.
Aiming: Slow (safe; 4% risk of failure)
Press: ? - help, Shift-Dir - straight line, f/p - black bear
Aim: a black bear (chance to affect: 46%)
The black bear resists with some effort.
The black bear bites you.
* * * LOW HITPOINT WARNING * * *
The black bear claws you but does no damage.
The black bear claws you.
You die...

* * , ,
...... ,
*...... *
*......#
.......
....... ,*
* ,
....... ,
.......##
* ,, ,
......h@#,
,
.....####
* , ... *
*. * * , *
* , , * ,
, , , * ,*
, ,


You could see a black bear.

Vanquished Creatures
  A howler monkey (D:4)
  A hound (D:3)
  An iguana (D:3)
  5 adders
  A worm (D:2)
  A dart slug (D:3)
  8 endoplasms
  2 giant cockroaches
  5 hobgoblins
  8 jackals
  4 kobolds
  3 quokkas
  4 ball pythons
  3 bats
  A frilled lizard (D:1)
  6 goblins
  4 rats
58 creatures vanquished.

Notes
Turn   | Place    | Note
-------+----------+-------------------------------------------
     0 | D:1      | browni3141 the Meteoran Hexslinger began the quest for the
                  | Orb.
     0 | D:1      | Reached XP level 1. HP: 16/16 MP: 3/3
    87 | D:1      | Reached XP level 2. HP: 18/24 MP: 5/5
   205 | D:1      | Found Ypuew's One-of-a-Kind Rings.
   225 | D:1      | Reached skill level 3 in Ranged Weapons
   225 | D:1      | Reached XP level 3. HP: 29/29 MP: 6/6
   655 | D:2      | Reached XP level 4. HP: 36/36 MP: 7/7
   725 | D:2      | You fall into a shaft and drop 1 floor!
   808 | D:3      | Reached XP level 5. HP: 27/41 MP: 6/8
   812 | D:3      | Learned a level 3 spell: Inner Flame
   837 | D:3      | Found a white marble altar of Elyvilon.
  1156 | D:4      | Identified a scroll of acquirement
  1262 | D:4      | Noticed a black bear
  1275 | D:4      | HP: 2/41 [black bear (6)]
  1425 | D:4      | Found a staircase to the Ecumenical Temple.
  1434 | Temple   | Entered the Ecumenical Temple
  1434 | Temple   | Found a transporter.
  1434 | Temple   | Found a transporter.
  1436 | Temple   | Found a transporter.
  1436 | Temple   | Found a transporter.
  1448 | Temple   | Became a worshipper of Warmaster Okawaru
  1541 | D:5      | Entered Level 5 of the Dungeon
  1545 | D:5      | Reached XP level 6. HP: 48/48 MP: 8/10
  1590 | D:5      | Noticed a black bear
  1594 | D:5      | HP: 2/48 [black bear (4)]
  1594 | D:5      | Slain by a black bear

Illustrated notes

Levels and vault maps discovered:
D:1:      grunt_arrival_lava_bath, layout_basic, nicolae_shop_unique_rings
D:2:      layout_basic
D:3:      layout_basic, mainiacjoe_overflow_tiny_flanked
D:4:      layout_loops_ring, minmay_temple_entry_poolview,
          kennysheep_generic_room_3
D:5:      layout_basic, enter_ossuary_1, serial_shops,
          nicolae_shop_tiny_statue_garden, biasface_ghost_orc_armoury
Temple:   hellmonk_temple_divided_pantheon

Skill      XL: |  1  2  3  4  5  6 |
---------------+-------------------+-----
Fighting       | 2 |  2.0
Ranged Weapons | 3 4 |  4.6
Armour         | 2 |  2.6
Spellcasting   | 2 |  2.2
Hexes          | 4 |  4.0
Evocations     | 1 |  1.0
Dodging        | |  2.4
Fire Magic     | |  0.7
Invocations    | |  0.8

Action                     |  1- 3 |  4- 6 || total
---------------------------+-------+-------++-------
  Melee: Sling             |       |     2 ||     2
   Fire: Sling             |   109 |   111 ||   220
   Cast: Slow              |       |    16 ||    16
         Inner Flame       |       |     1 ||     1
    Use: Scroll            |       |     4 ||     4
         Potion            |       |     1 ||     1
 Armour: Robe              |    16 |       ||    16
         Ring mail         |     6 |    70 ||    76
  Dodge: Dodged            |    36 |    68 ||   104
